Cogmind - Beta 11 X10 @@@ ROGUE MODE // 2022.02.07 @ 05:18:33 Player: gammafunk Result: Self-destructed Performance ------------- Evolutions (6) 3000 Regions Visited (24) 4800 Robots Destroyed (266) 1330 Value Destroyed (9737) 9737 Prototype IDs (55) 1100 Alien Tech Used (2) 400 Bonus (1420) 1420 TOTAL SCORE: 21787 Bonus ------- High Alert Combat Kills 109 Follower Combat Kills 2794 Met Imprinter 300 Was Imprinted 300 Met Zhirov 300 Met Warlord at Base 500 MAIN.C Attacked Warlord 500 Warlord Defense Kill 446 Met R17 at Cetus 500 Friendly Fire -4329 Cogmind --------- Core Integrity 946/1150 Matter 269/300 Energy 260/260 System Corruption 3% Temperature Cool (0) Movement Treading (160) Location -3/Proximity Caves Parts ------- > --- POWER (2) -------- Light Antimatter Reactor Light Quantum Reactor > --- PROPULSION (6) --- Heavy Treads Centrium Heavy Treads Centrium Heavy Treads > --- UTILITY (8) ------ Advanced Cooling System Huge Storage Unit Improved Sensor Array Advanced Terrain Scan Processor Improved Armor Integrity Analyzer Centrium Medium Armor Plating Advanced Hacking Suite > --- WEAPON (4) ------- Heavy Plasma Cannon Advanced KE Penetrator Advanced KE Penetrator Advanced KE Penetrator > --- INVENTORY (25) --- Light Antimatter Reactor Improved Heavy Treads Centrium Heavy Treads Advanced Cooling System YI-UF0's Bottomless Matter Pit (1500) Advanced Sensor Array Advanced Terrain Scanner Improved Target Analyzer Improved Cloaking Device Improved Cloaking Device Zionite Weapon Casing Graphene Brace Advanced System Shield Authchip [Device] Transdimensional Reconstructor Heavy Machine Gun Heavy Machine Gun KE Penetrator Advanced KE Penetrator Improved Proton Missile Launcher Vortex Catalyst Activator (10) Plasma Cutter Peak State ------------ > --- POWER ------------ Reinforced Fission Core Light Quantum Reactor > --- PROPULSION ------- Heavy Treads Centrium Heavy Treads Centrium Heavy Treads > --- UTILITY ---------- Huge Storage Unit Advanced Signal Interpreter Advanced Terrain Scan Processor Improved Armor Integrity Analyzer Improved Cloaking Device Zionite Weapon Casing Centrium Medium Armor Plating Advanced Hacking Suite > --- WEAPON ----------- KE Penetrator Advanced KE Penetrator Advanced KE Penetrator Advanced KE Penetrator > --- INVENTORY -------- Light Antimatter Reactor Zionite Heavy DM Reactor Improved Heavy Treads Centrium Heavy Treads Advanced Cooling System Advanced Cooling System YI-UF0's Bottomless Matter Pit Improved Sensor Array Advanced Terrain Scanner Improved Target Analyzer Graphene Brace Advanced System Shield Authchip [Device] Improved System Restoration Module Transdimensional Reconstructor Heavy Plasma Cannon Heavy Machine Gun Heavy Machine Gun Advanced KE Penetrator Improved Proton Missile Launcher Vortex Catalyst Activator Plasma Cutter [Rating: 154] Favorites ----------- Power Reinforced Deuterium Engine Engine Reinforced Deuterium Engine Power Core Reinforced Fission Core Reactor Antimatter Reactor Propulsion Armored Treads Treads Armored Treads Utility Huge Storage Unit Device Improved Sensor Array Storage Huge Storage Unit Processor Advanced Signal Interpreter Hackware Makeshift System Shield Protection Centrium Medium Armor Plating Weapon Minigun Energy Gun Advanced Variable Charge Gun Energy Cannon Heavy Plasma Cannon Ballistic Gun Minigun Launcher YI-UF0's Doublenader Special Weapon Plasma Cutter Impact Weapon Powered Hammer Build | -11 -10 -10 -9 -9 -8 -7 -7 -7 -7 -6 -6 -6 -6 -6 -6 -5 -5 -5 -4 -4 -4 -4 -4 -3 ------- Run | Scr Mat Min Mat Min Mat Fac Low Low Zio Pro Fac Was Fac Ext Cet Fac Upp War Pro Fac Upp Upp Zhi Pro Slots Evolved 12 | . . . 2 . 2 2 . . . . 2 . . . . 2 . . . 2 . . . . Power 1 | . . . . . . . . . . . . . . . . . . . . 1 . . . . Propulsion 3 | . . . 1 . 1 1 . . . . . . . . . . . . . . . . . . Utility 6 | . . . . . 1 . . . . . 2 . . . . 2 . . . 1 . . . . Weapon 2 | . . . 1 . . 1 . . . . . . . . . . . . . . . . . . Parts Attached 392 | 7 23 2 24 11 44 44 18 15 15 10 20 12 9 18 20 18 12 5 11 21 2 8 8 15 Power 19 | 1 2 . 2 . 1 . . 1 . 2 . 3 . . 1 . 1 . 1 3 . . . 1 Engine 9 | 1 2 . 2 . 1 . . 1 . 2 . . . . . . . . . . . . . . Core 1 | . . . . . . . . . . . . . . . . . . . . 1 . . . . Reactor 9 | . . . . . . . . . . . . 3 . . 1 . 1 . 1 2 . . . 1 Propulsion 58 | 2 4 . 8 2 17 5 2 4 4 1 1 3 . . 2 . . . 1 2 . . . . Treads 58 | 2 4 . 8 2 17 5 2 4 4 1 1 3 . . 2 . . . 1 2 . . . . Leg . | . . . . . . . . . . . . . . . . . . . . . . . . . Wheel . | . . . . . . . . . . . . . . . . . . . . . . . . . Hover . | . . . . . . . . . . . . . . . . . . . . . . . . . Flight . | . . . . . . . . . . . . . . . . . . . . . . . . . Utility 177 | 2 5 2 4 3 10 26 6 8 4 5 13 2 5 9 9 10 11 1 7 11 2 7 6 9 Device 95 | 1 1 1 . . 2 11 4 5 1 2 7 1 4 4 4 7 8 1 5 8 2 5 2 9 Storage 9 | 1 1 . 1 1 2 . . . 2 . . . . . . . 1 . . . . . . . Processor 11 | . . . . . 1 1 . 1 . 1 2 . . 3 . . . . . 1 . . 1 . Hackware 5 | . . . . . . 1 . . . . 1 . 1 . . 1 . . . 1 . . . . Protection 57 | . 3 1 3 2 5 13 2 2 1 2 3 1 . 2 5 2 2 . 2 1 . 2 3 . Artifact . | . . . . . . . . . . . . . . . . . . . . . . . . . Weapon 138 | 2 12 . 10 6 16 13 10 2 7 2 6 4 4 9 8 8 . 4 2 5 . 1 2 5 Energy Gun 1 | . . . . . . . . . . . . . . . 1 . . . . . . . . . Energy Cannon 7 | . . . . . . . . . . . . . 1 . . . . . 1 2 . 1 . 2 Ballistic Gun 102 | 2 9 . 10 4 14 10 9 1 6 1 3 3 3 5 7 6 . 3 1 3 . . 1 1 Ballistic Cannon . | . . . . . . . . . . . . . . . . . . . . . . . . . Launcher 10 | . 1 . . 1 1 . . . 1 1 1 . . . . 1 . 1 . . . . . 2 Special Weapon 13 | . 2 . . 1 . 1 1 . . . 1 1 . 4 . 1 . . . . . . 1 . Impact Weapon 5 | . . . . . 1 2 . 1 . . 1 . . . . . . . . . . . . . Slashing Weapon . | . . . . . . . . . . . . . . . . . . . . . . . . . Piercing Weapon . | . . . . . . . . . . . . . . . . . . . . . . . . . Special Melee Weapon . | . . . . . . . . . . . . . . . . . . . . . . . . . Unidentified Prototypes 16 | . . . 1 2 . . . 1 . . 1 1 . . 5 . 2 1 . . . . 2 . Corrupted Parts 3 | . . . . . . . . . . 1 . . . . 2 . . . . . . . . . System Corruption 11 | . . . . . . . . . . 1 . . . . 10 . . . . . . . . . Parts Lost 14 | . . 1 2 2 5 . . . . . . . . . . . . . 2 1 . . . 1 Power 1 | . . . 1 . . . . . . . . . . . . . . . . . . . . . Propulsion . | . . . . . . . . . . . . . . . . . . . . . . . . . Utility 8 | . . 1 . 1 2 . . . . . . . . . . . . . 2 1 . . . 1 Weapon 5 | . . . 1 1 3 . . . . . . . . . . . . . . . . . . . Highest Loss Streak 2 | . . 1 1 1 2 . . . . . . . . . . . . . 1 1 . . . 1 To Critical Strikes . | . . . . . . . . . . . . . . . . . . . . . . . . . Average Slot Usage (%) 93 | . 99 92 99 100 99 100 99 100 98 100 99 83 80 80 80 83 82 82 80 84 85 85 84 84 Engine 5 | . 13 14 11 11 9 7 7 7 7 7 6 . . . . . . . . . . . . . Reactor 2 | . . . . . . . . . . . . 5 6 6 5 5 5 5 5 9 5 5 5 6 Treads 29 | . 27 28 32 33 35 38 38 38 42 42 36 20 18 18 18 16 16 16 16 15 15 15 15 15 Device 7 | . 3 . . . 9 5 5 5 5 5 11 12 11 6 2 12 14 16 12 18 10 6 5 9 Storage 7 | . 14 14 11 11 9 7 7 7 6 7 6 6 6 6 6 5 5 5 5 5 5 5 5 5 Processor 6 | . . . . . . 6 7 7 7 7 6 12 9 11 13 11 11 11 11 15 15 15 15 14 Hackware 1 | . . . . . . . . . . . 5 . 3 6 . . . . . . 5 5 5 5 Protection 4 | . 10 6 10 10 8 1 1 1 1 1 . . . . 7 9 7 5 5 1 5 8 9 5 Ballistic Gun 24 | . 27 28 32 32 26 29 29 25 22 27 21 22 19 20 24 21 22 21 20 16 20 18 16 17 Naked Turns . | . . . . . . . . . . . . . . . . . . . . . . . . . Heaviest Build 155 | 14 22 22 64 65 116 116 118 119 115 111 118 115 126 126 133 139 134 135 136 155 148 154 153 153 Greatest Support 240 | 40 46 46 69 69 89 102 108 122 122 130 130 210 210 210 230 230 230 230 240 240 230 230 230 230 Greatest Overweight (x) 1 | . . . 1 . 1 1 1 1 . . . . . . . . . . . . . . . . Average Overweight (x) . | . . . . . . 1 1 . . . . . . . . . . . . . . . . . Largest Inventory Capacity 25 | 8 10 10 20 20 25 25 25 25 25 25 25 25 25 25 25 25 25 25 25 25 25 25 25 25 Average Capacity 23 | 7 8 10 18 20 24 25 25 25 24 25 25 25 25 25 25 25 25 25 25 25 25 25 25 25 Most Carried 25 | 4 10 10 20 20 25 25 25 25 25 25 25 25 25 25 25 25 25 25 25 25 25 25 25 25 Average Carried 22 | 2 8 10 17 19 24 24 25 24 24 24 24 24 24 24 24 24 24 24 23 23 24 25 24 24 Final Capacity 25 | 8 10 10 20 20 25 25 25 25 25 25 25 25 25 25 25 25 25 25 25 25 25 25 25 25 Final Carried 25 | 4 10 10 20 19 25 25 25 25 25 25 24 25 25 24 25 25 25 25 23 23 25 25 25 25 Class Distribution -------------------- 35% | Scavenger-Skirmisher 18% | Scavenger-Tank 14% | Scavenger-Mutant 11% | Tank 9% | Mutant 3% | Skirmisher Dominant Class ---------------- Mutant | -10/Materials Mutant | -10/Mines Tank | -9/Materials Tank | -9/Mines Scavenger-Tank | -8/Materials Scavenger-Skirmisher | -7/Factory Skirmisher | -7/Lower Caves Scavenger-Skirmisher | -7/Lower Caves Scavenger-Skirmisher | -7/Zion Scavenger-Skirmisher | -6/Proximity Caves Scavenger-Mutant | -6/Factory Scavenger-Skirmisher | -6/Waste Scavenger-Mutant | -6/Factory Commander-Mutant | -6/Extension Scavenger-Skirmisher | -6/Cetus Scavenger-Skirmisher | -5/Factory Scavenger-Skirmisher | -5/Upper Caves Scavenger-Skirmisher | -5/Warlord Scavenger-Skirmisher | -4/Proximity Caves Scavenger-Mutant | -4/Factory Scavenger-Skirmisher | -4/Upper Caves Scavenger-Mutant | -4/Upper Caves Scavenger-Mutant | -4/Zhirov Scavenger-Mutant | -3/Proximity Caves Resources | -11 -10 -10 -9 -9 -8 -7 -7 -7 -7 -6 -6 -6 -6 -6 -6 -5 -5 -5 -4 -4 -4 -4 -4 -3 ----------- Run | Scr Mat Min Mat Min Mat Fac Low Low Zio Pro Fac Was Fac Ext Cet Fac Upp War Pro Fac Upp Upp Zhi Pro Matter Collected 13279 | 314 452 173 1059 374 2662 1015 840 486 120 327 484 639 155 533 705 514 350 162 720 450 78 177 90 400 Remotely . | . . . . . . . . . . . . . . . . . . . . . . . . . Salvage Created 14905 | 114 761 264 1911 437 2204 982 182 278 . 91 819 1911 . 635 860 135 461 184 718 382 148 134 380 914 Parts 717 | 4 49 18 114 27 152 61 9 11 . 5 15 44 . 40 39 7 19 11 18 16 10 6 15 27 Haulers Intercepted 13 | . 2 . 4 . 6 1 . . . . . . . . . . . . . . . . . . Recyclers Shooed 5 | 1 1 . . . 1 . . . . . 1 . . 1 . . . . . . . . . . Parts Field Recycled . | . . . . . . . . . . . . . . . . . . . . . . . . . Retrieved Matter . | . . . . . . . . . . . . . . . . . . . . . . . . . Parts Self-Destructed 206 | . . . . . . . 15 10 . 15 . . . . . . 28 83 17 . 10 6 12 10 Prevented 44 | . . . . . . . 2 . . 18 . . . . . . 1 5 . . . . . 18 Kills | -11 -10 -10 -9 -9 -8 -7 -7 -7 -7 -6 -6 -6 -6 -6 -6 -5 -5 -5 -4 -4 -4 -4 -4 -3 ------- Run | Scr Mat Min Mat Min Mat Fac Low Low Zio Pro Fac Was Fac Ext Cet Fac Upp War Pro Fac Upp Upp Zhi Pro Combat Hostiles Destroyed 197 | . 15 6 33 11 34 14 3 6 . 3 3 6 . . 17 2 9 4 11 4 1 4 . 11 Guns 191 | . 15 6 33 11 34 14 3 6 . 3 3 6 . . 17 2 9 4 10 4 1 4 . 6 AOE 4 | . . . . . . . . . . . . . . . . . . . . . . . . 4 Classes Destroyed 23 | 2 4 1 4 . 5 2 . 2 . . . 2 . . . . 1 . . . . . . . Worker 10 | . . 1 1 . 3 . . . . . 4 . . . . 1 . . . . . . . . Builder 3 | . . . . . 2 . . . . . . . . 1 . . . . . . . . . . Tunneler 3 | 1 . 1 . . . 1 . . . . . . . . . . . . . . . . . . Hauler 13 | . 2 . 4 . 6 1 . . . . . . . . . . . . . . . . . . Recycler 16 | 1 2 . 2 . 1 2 . . . . 5 . . 2 . . . . . 1 . . . . Mechanic 1 | . . . . . . 1 . . . . . . . . . . . . . . . . . . Operator 3 | . . . 1 . 2 . . . . . . . . . . . . . . . . . . . Watcher 11 | . 1 . 2 . 5 1 . . . . . . . . 2 . . . . . . . . . Swarmer 32 | . 3 . 3 4 5 . . . . 1 . . . . 7 . 4 . 2 . . 3 . . Grunt 81 | . 12 6 17 3 11 5 2 2 . . . . . . 4 . 3 1 3 1 1 . . 10 Brawler 10 | . . . 2 1 2 . . 1 . . . . . . . . 2 . 2 . . . . . Duelist 6 | . . . 1 2 . . . . . . . . . . . . . . 2 . . . . 1 Protector 2 | . . . . . 1 . . . . . . . . . . . . 1 . . . . . . Sentry 27 | . . . 10 . 9 4 1 . . . . . . . . 1 . . 2 . . . . . Demolisher 2 | . . . . . . . . . . . . . . . . . . 2 . . . . . . Specialist 2 | . . . . . 2 . . . . . . . . . . . . . . . . . . . Hunter 6 | . . . . . 3 1 . . . 2 . . . . . . . . . . . . . . Programmer 12 | . . . . . . 4 . . . . 3 . . . . 1 . . . 3 . 1 . . Heavy 1 | . . . . . 1 . . . . . . . . . . . . . . . . . . . Compactor 6 | . . . . . . . . . . . . 6 . . . . . . . . . . . . Cetus Guard 6 | . . . . . . . . . . . . . . . 6 . . . . . . . . . Z-Heavy 2 | . . . . . . . . . . . . . . . . . 1 . . . 1 . . . Thief 1 | . . . . . . . . 1 . . . . . . . . . . . . . . . . Martyr 2 | . . . . . . . . . . . . 2 . . . . . . . . . . . . Guerrilla 5 | . . . . . . . . . . . . . . 5 . . . . . . . . . . Mutant 2 | . . . . . . . . 2 . . . . . . . . . . . . . . . . Best Kill Streak 7 | 2 4 2 4 4 7 5 2 3 . 2 7 2 . 2 5 1 4 3 5 2 1 3 . 5 Combat Bots Only 7 | . 4 2 4 4 7 4 2 3 . 2 1 2 . . 4 1 4 3 5 2 1 3 . 5 Max Kills in Single Turn 3 | 1 1 1 2 2 2 1 1 1 . 1 1 1 . 1 2 1 3 1 2 1 1 2 . 1 Gunslinging 2 | . . . 1 . 1 . . . . . . . . . 1 . 2 . 1 . . . . . Exploded 1 | . . . . . . . . . . . . . . . . . . . . . . . . 1 Melee . | . . . . . . . . . . . . . . . . . . . . . . . . . Uniques/NPCs Destroyed 1 | . . . . 1 . . . . . . . . . . . . . . . . . . . . YI-UF0 (-9/Mines) Combat | -11 -10 -10 -9 -9 -8 -7 -7 -7 -7 -6 -6 -6 -6 -6 -6 -5 -5 -5 -4 -4 -4 -4 -4 -3 -------- Run | Scr Mat Min Mat Min Mat Fac Low Low Zio Pro Fac Was Fac Ext Cet Fac Upp War Pro Fac Upp Upp Zhi Pro Damage Taken 12595 | . 500 358 766 571 1983 553 476 468 . 625 179 97 36 132 1517 200 112 232 1280 564 . 151 . 1795 Core 989 | . 54 47 29 51 218 45 24 . . 20 . . . 28 103 24 18 34 90 35 . . . 169 Absorbed by Shields 61 | . . . . . . . . . . . . . . . 61 . . . . . . . . . Reduced by Siege Mode 386 | . . . . . . . . . . . . . . . 179 . . . 77 69 . 5 . 56 Redirected to Shielding 303 | . . 10 6 . . . . . . . . . . . 34 45 9 . 106 . . 27 . 66 Regen/Repaired (Parts) 2231 | . 246 . 197 . 140 77 . . 1229 . 266 . 76 . . . . . . . . . . . Core Remaining (%) 79 | 100 . 59 . 80 60 . . . . 87 . . . . 84 . . . 83 . . . . . Volleys Fired 812 | 11 85 24 90 44 108 32 5 21 . 13 7 66 5 116 35 8 10 6 32 27 2 8 20 37 Largest 4 | 2 2 2 3 3 3 4 4 4 . 4 4 4 1 4 4 4 4 4 4 4 4 4 1 4 Hottest 140 | 40 100 40 73 75 78 106 106 112 . 105 110 111 90 116 133 118 118 123 128 135 135 135 20 140 Shots Fired 2002 | 22 167 48 270 96 320 126 19 65 . 39 26 142 7 120 138 26 40 24 119 66 8 21 20 73 Gun 1750 | 22 164 48 270 78 318 125 19 65 . 35 25 101 2 10 138 24 40 24 116 53 8 17 . 48 Cannon 37 | . . . . . . . . . . . . . 5 . . . . . 3 13 . 4 . 12 Launcher 21 | . 1 . . . 2 . . . . 4 . . . . . 1 . . . . . . . 13 Special 194 | . 2 . . 18 . 1 . . . . 1 41 . 110 . 1 . . . . . . 20 . Kinetic 1750 | 22 164 48 270 78 318 125 19 65 . 35 25 101 2 10 138 24 40 24 116 53 8 17 . 48 Thermal 176 | . 2 . . 18 . . . . . . . 41 5 58 . . . . 3 13 . 4 20 12 Explosive 8 | . 1 . . . 2 . . . . 4 . . . . . 1 . . . . . . . . Electromagnetic 13 | . . . . . . . . . . . . . . . . . . . . . . . . 13 Robot Hit Streak 38 | 7 11 12 13 10 19 13 5 21 . 17 9 38 1 32 27 7 22 8 23 21 1 4 19 15 Robot Miss Streak 9 | 1 5 3 4 4 7 5 4 4 . 5 3 2 1 3 6 9 6 3 8 2 5 2 1 2 Penetration Max 1 | . . . . . . 1 . . . . . . . . 1 . . 1 1 1 . . . . Secondary Targets 41 | . 2 2 4 4 9 2 . . . 1 . 1 . . 8 . 2 1 3 . . . . 2 Max Gunslinging Chain 2 | . 1 1 1 1 1 1 . . . 1 . 1 . . 2 . 2 1 1 . . . . 1 Shots Hit Robots 1353 | 16 103 38 172 58 206 75 9 50 . 23 29 116 1 87 103 16 30 17 90 42 1 9 19 43 Core Hits 606 | 3 41 16 66 18 92 43 5 28 . 15 11 43 . 27 42 11 28 19 34 13 3 5 10 33 Critical Kills 12 | . . . 1 . . . . . . . . . . . 5 . 1 . 1 2 1 . . 1 Critical Parts Destroyed 25 | . . . 1 1 1 . . 1 . . 1 . . . 4 . . . 6 5 . . . 5 Critical Strikes 43 | . . . 2 1 1 . . 1 . . 1 3 . 1 11 . 1 . 7 7 1 . . 6 Destroy 38 | . . . 2 1 1 . . 1 . . . . . . 11 . 1 . 7 7 1 . . 6 Smash 1 | . . . . . . . . . . . 1 . . . . . . . . . . . . . Sever 4 | . . . . . . . . . . . . 3 . 1 . . . . . . . . . . Melee Attacks 17 | . . . . . 1 6 . 2 . . 8 . . . . . . . . . . . . . Impact 17 | . . . . . 1 6 . 2 . . 8 . . . . . . . . . . . . . Slashing . | . . . . . . . . . . . . . . . . . . . . . . . . . Piercing . | . . . . . . . . . . . . . . . . . . . . . . . . . Sneak Attacks 7 | . . . . . . . . . . . 7 . . . . . . . . . . . . . Combat Hostiles . | . . . . . . . . . . . . . . . . . . . . . . . . . Follow-up Attacks . | . . . . . . . . . . . . . . . . . . . . . . . . . Damage Inflicted 26043 | 181 981 534 2661 999 3473 1453 162 831 . 301 1292 2132 60 863 2594 381 665 501 2265 1258 106 239 234 1877 Guns 22439 | 181 953 515 2626 813 3353 1391 162 831 . 301 453 1778 27 121 2594 356 659 501 2265 1258 106 239 . 956 Cannons . | . . . . . . . . . . . . . . . . . . . . . . . . . Explosions 986 | . . . . 44 21 . . . . . . . . . . . . . . . . . . 921 Melee 839 | . . . . . . . . . . . 839 . . . . . . . . . . . . . Ramming 541 | . 28 19 35 16 99 62 . . . . . . 33 218 . 25 6 . . . . . . . Kinetic 22439 | 181 953 515 2626 813 3353 1391 162 831 . 301 453 1778 27 121 2594 356 659 501 2265 1258 106 239 . 956 Thermal 1282 | . . . . 170 . . . . . . . 354 . 524 . . . . . . . . 234 . Explosive 21 | . . . . . 21 . . . . . . . . . . . . . . . . . . . Electromagnetic 921 | . . . . . . . . . . . . . . . . . . . . . . . . 921 Impact 839 | . . . . . . . . . . . 839 . . . . . . . . . . . . . Slashing . | . . . . . . . . . . . . . . . . . . . . . . . . . Piercing . | . . . . . . . . . . . . . . . . . . . . . . . . . Highest Corruption 14 | . . . . . . 3 4 4 4 1 4 4 4 4 14 . . . . 4 4 5 . 3 Average Corruption 3 | . . . . . . 2 3 4 4 1 2 4 4 4 8 . . . . 3 4 3 . 3 Corruption Purged 5 | . . . . . . . . . . . . . . . . . . . . . . 5 . . Corruption Blocked . | . . . . . . . . . . . . . . . . . . . . . . . . . Effects 290 | . . . . . . 35 36 30 3 5 15 38 30 47 19 . . . . 11 10 8 . 3 Message Errors 78 | . . . . . . 9 8 7 1 1 6 11 9 15 4 . . . . 2 2 2 . 1 Matter Fused 83 | . . . . . . 11 15 9 . 2 2 9 7 12 6 . . . . 2 4 2 . 2 Heat Flow Errors 34 | . . . . . . 3 4 3 . 1 1 5 4 5 3 . . . . 3 1 1 . . Energy Discharges 32 | . . . . . . 2 4 4 1 . 5 3 4 7 2 . . . . . . . . . Parts Rejected 1 | . . . . . . . . . . . . . 1 . . . . . . . . . . . Data Loss (minor) 21 | . . . . . . 4 1 3 1 . . 3 1 4 . . . . . 2 2 . . . Data Loss (major) 14 | . . . . . . 2 2 . . . . 4 1 2 2 . . . . . 1 . . . Misfires 13 | . . . . . . 2 2 . . 1 1 1 2 1 . . . . . 1 . 2 . . Alerts 7 | . . . . . . 1 . 1 . . . 2 1 1 . . . . . 1 . . . . Weapon Failures 7 | . . . . . . 1 . 3 . . . . . . 2 . . . . . . 1 . . Overload Shots . | . . . . . . . . . . . . . . . . . . . . . . . . . Overflow Damage 687 | . . . . 5 . . . . . . 664 . . 11 . . 3 . . . . . 4 . Projectiles 48 | . . . . 5 . . . . . . 31 . . 8 . . . . . . . . 4 . Explosions . | . . . . . . . . . . . . . . . . . . . . . . . . . Melee 639 | . . . . . . . . . . . 633 . . 3 . . 3 . . . . . . . Knockbacks 5 | . 1 . 1 . . . . . . . 1 . 1 . . . 1 . . . . . . . Impact 5 | . 1 . 1 . . . . . . . 1 . 1 . . . 1 . . . . . . . Kinetic . | . . . . . . . . . . . . . . . . . . . . . . . . . Secondary . | . . . . . . . . . . . . . . . . . . . . . . . . . Self-Inflicted Damage 34 | . 10 . . 13 3 . . . . . . . . . . . . . . . . . . 8 Shots 6 | . 1 . . 1 1 . . . . . . . . . . . . . . . . . . 3 Rammed 54 | . 9 1 5 3 9 6 . . . . . . 2 16 . 2 1 . . . . . . . Targets Rammed 63 | . 9 3 5 3 14 8 . . . . . . 2 16 . 2 1 . . . . . . . Kicked . | . . . . . . . . . . . . . . . . . . . . . . . . . Crushed 9 | . . 2 . . 5 2 . . . . . . . . . . . . . . . . . . Highest Temperature 456 | . 32 9 162 98 25 373 279 295 . 229 126 186 243 267 400 89 150 456 331 436 249 173 . 85 Average Temperature 66 | . 9 3 37 37 16 100 94 127 . 95 32 92 83 100 154 31 39 33 24 128 105 67 . 29 Received Heat Transfer 2629 | . 249 198 327 24 612 153 219 87 . 12 . . 9 12 165 18 45 . 163 42 . . . 294 Effects 12 | . . . . . . 1 . 1 . . . . . . . . . 6 . 4 . . . . Shutdowns 1 | . . . . . . . . . . . . . . . . . . . . 1 . . . . Energy Bleed 3 | . . . . . . . . 1 . . . . . . . . . 1 . 1 . . . . Interference 5 | . . . . . . . . . . . . . . . . . . 3 . 2 . . . . Short Circuit 1 | . . . . . . 1 . . . . . . . . . . . . . . . . . . Damage (major) 2 | . . . . . . . . . . . . . . . . . . 2 . . . . . . Siege Activations 16 | . . . . . . . . . . . . 2 . . 4 1 1 . 2 2 . 2 . 2 Total Turns 274 | . . . . . . . . . . . . 22 . . 113 11 14 . 38 32 . 8 . 36 Longest Duration 58 | . . . . . . . . . . . . 16 . . 58 11 14 . 35 22 . 4 . 22 Robots Corrupted 1 | . . . . . . . . . . . . . . . . . . . . . . . . 1 Combat Hostiles 1 | . . . . . . . . . . . . . . . . . . . . . . . . 1 Parts Fried 23 | . . . . . . . . . . . 13 . . . . . . . . . . . . 10 Impact Corruptions 17 | . . . . . . . . . . . 15 . . 1 . . 1 . . . . . . . Robots Melted . | . . . . . . . . . . . . . . . . . . . . . . . . . Combat Hostiles . | . . . . . . . . . . . . . . . . . . . . . . . . . Parts Melted 3 | . . . . . . . . . . . . . . 1 . . . 1 1 . . . . . Heat Transferred 4018 | . . . . 494 . . . . . . . 1184 . 1740 . . . . . . . . 600 . Parts Sabotaged . | . . . . . . . . . . . . . . . . . . . . . . . . . Parts Stolen . | . . . . . . . . . . . . . . . . . . . . . . . . . Parts Stripped . | . . . . . . . . . . . . . . . . . . . . . . . . . Power Chain Reactions . | . . . . . . . . . . . . . . . . . . . . . . . . . Missiles Intercepted . | . . . . . . . . . . . . . . . . . . . . . . . . . Alert | -11 -10 -10 -9 -9 -8 -7 -7 -7 -7 -6 -6 -6 -6 -6 -6 -5 -5 -5 -4 -4 -4 -4 -4 -3 ------- Run | Scr Mat Min Mat Min Mat Fac Low Low Zio Pro Fac Was Fac Ext Cet Fac Upp War Pro Fac Upp Upp Zhi Pro Peak Influence 648 | 10 271 67 299 230 505 413 . . . . 192 10 421 358 485 174 . . . 648 . . . . Initial 159 | . 6 27 19 92 . 86 . . . . 12 10 . 59 95 159 . . . 15 . . . . Average 128 | 3 83 26 149 66 206 105 . . . . 45 2 189 192 244 65 . . . 163 . . . . Maximum Alert Level 2 | . 1 . 1 1 2 2 . . . . . . 2 1 2 . . . . 2 . . . . Low Security (%) 75 | 100 88 100 60 99 59 86 . . . . 100 100 60 43 34 100 . . . 74 . . . . Level 1 19 | . 11 . 39 . 20 13 . . . . . . 38 56 60 . . . . 9 . . . . Level 2 4 | . . . . . 20 . . . . . . . . . 4 . . . . 15 . . . . Level 3 . | . . . . . . . . . . . . . . . . . . . . . . . . . Level 4 . | . . . . . . . . . . . . . . . . . . . . . . . . . Level 5 . | . . . . . . . . . . . . . . . . . . . . . . . . . High Security . | . . . . . . . . . . . . . . . . . . . . . . . . . Max Security . | . . . . . . . . . . . . . . . . . . . . . . . . . Squads Dispatched 40 | . 5 . 4 . 7 11 . . . . 3 . 5 . . 3 . . 1 1 . . . . Investigation 8 | . 1 . 2 . 1 2 . . . . . . 1 . . 1 . . . . . . . . Extermination 13 | . . . . . . 4 . . . . 3 . 3 . . 2 . . . 1 . . . . Reinforcement 13 | . 4 . 2 . 5 1 . . . . . . 1 . . . . . . . . . . . Assault 2 | . . . . . 1 . . . . . . . . . . . . . 1 . . . . . Garrison 4 | . . . . . . 4 . . . . . . . . . . . . . . . . . . Intercept . | . . . . . . . . . . . . . . . . . . . . . . . . . Construction Impeded . | . . . . . . . . . . . . . . . . . . . . . . . . . Haulers Reinforced . | . . . . . . . . . . . . . . . . . . . . . . . . . Active Scanning Responses . | . . . . . . . . . . . . . . . . . . . . . . . . . Cargo Convoy Interrupts 1 | . . . . . . . . . . . . . 1 . . . . . . . . . . . Stealth | -11 -10 -10 -9 -9 -8 -7 -7 -7 -7 -6 -6 -6 -6 -6 -6 -5 -5 -5 -4 -4 -4 -4 -4 -3 --------- Run | Scr Mat Min Mat Min Mat Fac Low Low Zio Pro Fac Was Fac Ext Cet Fac Upp War Pro Fac Upp Upp Zhi Pro Distress Signals 8 | . 1 . 2 . 3 . . . . . . . . . 2 . . . . . . . . . Communications Jammed 98 | . . . . . . . . . . . . . . . . . . 98 . . . . . . Distress Signals 98 | . . . . . . . . . . . . . . . . . . 98 . . . . . . Times Spotted 364 | . 40 6 53 11 56 16 5 8 . 8 10 6 8 19 25 4 8 20 15 21 2 4 . 19 Peak Tracking Total 11 | . 5 2 5 4 5 3 4 4 . 3 3 2 3 5 8 1 1 11 5 6 2 3 . 5 Tactical Retreats 19 | . . . 5 . 1 . . 3 . 1 1 . . . 3 . . . 2 2 . . . 1 Traps | -11 -10 -10 -9 -9 -8 -7 -7 -7 -7 -6 -6 -6 -6 -6 -6 -5 -5 -5 -4 -4 -4 -4 -4 -3 ------- Run | Scr Mat Min Mat Min Mat Fac Low Low Zio Pro Fac Was Fac Ext Cet Fac Upp War Pro Fac Upp Upp Zhi Pro Traps Triggered 13 | . 3 . 3 . 1 1 1 . . . 1 . 3 . . . . . . . . . . . Indirectly . | . . . . . . . . . . . . . . . . . . . . . . . . . Trap Hack Attempts . | . . . . . . . . . . . . . . . . . . . . . . . . . Triggered . | . . . . . . . . . . . . . . . . . . . . . . . . . Disarmed . | . . . . . . . . . . . . . . . . . . . . . . . . . Reprogrammed . | . . . . . . . . . . . . . . . . . . . . . . . . . Reused . | . . . . . . . . . . . . . . . . . . . . . . . . . Traps Extracted . | . . . . . . . . . . . . . . . . . . . . . . . . . Installed . | . . . . . . . . . . . . . . . . . . . . . . . . . Triggered 15 | . . . . . . . . . . 1 . . 1 . . . 4 9 . . . . . . Most Traps Carried 2 | . . . . 2 . . . . . . . . . . . . . . . . . . . . Machines | -11 -10 -10 -9 -9 -8 -7 -7 -7 -7 -6 -6 -6 -6 -6 -6 -5 -5 -5 -4 -4 -4 -4 -4 -3 ---------- Run | Scr Mat Min Mat Min Mat Fac Low Low Zio Pro Fac Was Fac Ext Cet Fac Upp War Pro Fac Upp Upp Zhi Pro Machines Disabled 16 | . . . . 6 1 . . 1 . . . . 1 2 1 . . . 1 2 . 1 . . Max in Single Turn 5 | . . . . 5 1 . . 1 . . . . . 1 . . . . 1 1 . 1 . . Garrison Access 2 | . . . . . 1 1 . . . . . . . . . . . . . . . . . . Energy Cycler 1 | . . . . . . . . . . . . . . 1 . . . . . . . . . . Machines Sabotaged . | . . . . . . . . . . . . . . . . . . . . . . . . . Garrisons Compromised 1 | . . . . . . . . . . . . . 1 . . . . . . . . . . . Overloaded Fab Kills . | . . . . . . . . . . . . . . . . . . . . . . . . . Hacking | -11 -10 -10 -9 -9 -8 -7 -7 -7 -7 -6 -6 -6 -6 -6 -6 -5 -5 -5 -4 -4 -4 -4 -4 -3 --------- Run | Scr Mat Min Mat Min Mat Fac Low Low Zio Pro Fac Was Fac Ext Cet Fac Upp War Pro Fac Upp Upp Zhi Pro Machines Accessed 57 | . 6 . 12 1 11 5 . . . . 1 . 2 7 . 2 . 2 . 1 . 1 6 . Terminals 34 | . 5 . 10 1 7 3 . . . . . . 1 7 . . . . . . . . . . Fabricators 1 | . . . . . . . . . . . . . . . . . . . . 1 . . . . Repair Stations 9 | . 1 . 2 . 2 1 . . . . 1 . 1 . . 1 . . . . . . . . Recycling Units . | . . . . . . . . . . . . . . . . . . . . . . . . . Scanalyzers 2 | . . . . . 1 . . . . . . . . . . 1 . . . . . . . . Garrison Access 2 | . . . . . 1 1 . . . . . . . . . . . . . . . . . . Total Hacks 160 | . 15 . 37 2 36 13 . . . . 5 . 4 17 . 4 . 5 . 3 . 1 18 . Successful 102 | . 9 . 23 1 26 7 . . . . 4 . 3 3 . 1 . 5 . 1 . 1 18 . Failed 57 | . 5 . 14 1 10 6 . . . . 1 . 1 14 . 3 . . . 2 . . . . Catastrophic 7 | . . . 1 1 2 1 . . . . . . . 2 . . . . . . . . . . Database Lockouts 1 | . 1 . . . . . . . . . . . . . . . . . . . . . . . Manual 94 | . 10 . 23 2 13 6 . . . . 6 . . 6 . 11 . . . 17 . . . . Terminals 95 | . 13 . 30 2 22 9 . . . . . . 2 17 . . . . . . . . . . Fabricators 3 | . . . . . . . . . . . . . . . . . . . . 3 . . . . Repair Stations 25 | . 2 . 7 . 5 3 . . . . 5 . 2 . . 1 . . . . . . . . Recycling Units . | . . . . . . . . . . . . . . . . . . . . . . . . . Scanalyzers 11 | . . . . . 8 . . . . . . . . . . 3 . . . . . . . . Garrison Access 2 | . . . . . 1 1 . . . . . . . . . . . . . . . . . . Terminal Hacks 61 | . 5 . 14 1 10 3 . . . . . . 1 3 . . . 5 . . . 1 18 . Record 11 | . . . . . . . . . . . . . . . . . . 4 . . . . 7 . Part Schematic 4 | . . . 1 . . . . . . . . . . . . . . . . . . . 3 . Robot Analysis 7 | . 1 . 2 . . . . . . . . . . . . . . . . . . . 4 . Prototype ID Bank 12 | . 2 . 4 . 2 . . . . . . . . . . . . . . . . . 4 . Open Door 6 | . . . . . . . . . . . . . 1 3 . . . 1 . . . 1 . . Branch Access Points 2 | . . . 1 . . 1 . . . . . . . . . . . . . . . . . . Terminal Index 1 | . . . . . 1 . . . . . . . . . . . . . . . . . . . Fabricator Index 1 | . . . . . . 1 . . . . . . . . . . . . . . . . . . Alert Level 1 | . . . . . 1 . . . . . . . . . . . . . . . . . . . Unreport Threat 7 | . 1 . 3 1 2 . . . . . . . . . . . . . . . . . . . Locate Traps 1 | . . . . . 1 . . . . . . . . . . . . . . . . . . . Recall Reinforcements 1 | . . . . . 1 . . . . . . . . . . . . . . . . . . . Hauler Manifests 5 | . 1 . 2 . 1 1 . . . . . . . . . . . . . . . . . . Registered Components 2 | . . . 1 . 1 . . . . . . . . . . . . . . . . . . . Fabricator Hacks 1 | . . . . . . . . . . . . . . . . . . . . 1 . . . . Load Schematic 1 | . . . . . . . . . . . . . . . . . . . . 1 . . . . Repair Station Hacks 21 | . 2 . 6 . 5 2 . . . . 4 . 2 . . . . . . . . . . . Scan Component 11 | . 1 . 3 . 3 1 . . . . 2 . 1 . . . . . . . . . . . Repair 10 | . 1 . 3 . 2 1 . . . . 2 . 1 . . . . . . . . . . . Recycling Unit Hacks . | . . . . . . . . . . . . . . . . . . . . . . . . . Scanalyzer 9 | . . . . . 8 . . . . . . . . . . 1 . . . . . . . . Insert Component 5 | . . . . . 4 . . . . . . . . . . 1 . . . . . . . . Analyze 4 | . . . . . 4 . . . . . . . . . . . . . . . . . . . Garrison Access Hacks 1 | . . . . . 1 . . . . . . . . . . . . . . . . . . . Seal Access 1 | . . . . . 1 . . . . . . . . . . . . . . . . . . . Unauthorized Hacks 9 | . 2 . 3 . 2 2 . . . . . . . . . . . . . . . . . . Terminals 8 | . 2 . 3 . 2 1 . . . . . . . . . . . . . . . . . . Botnet 8 | . 2 . 3 . 2 1 . . . . . . . . . . . . . . . . . . Fabricators . | . . . . . . . . . . . . . . . . . . . . . . . . . Repair Stations . | . . . . . . . . . . . . . . . . . . . . . . . . . Recycling Units . | . . . . . . . . . . . . . . . . . . . . . . . . . Scanalyzers . | . . . . . . . . . . . . . . . . . . . . . . . . . Garrison Access 1 | . . . . . . 1 . . . . . . . . . . . . . . . . . . Jam 1 | . . . . . . 1 . . . . . . . . . . . . . . . . . . Data Cores Recovered 2 | . . . 1 . 1 . . . . . . . . . . . . . . . . . . . Used 1 | . . . 1 . . . . . . . . . . . . . . . . . . . . . Hacking Detections 41 | . 6 . 12 1 9 4 . . . . 1 . 1 4 . 2 . . . 1 . . . . Full Trace Events 1 | . . . . . . 1 . . . . . . . . . . . . . . . . . . Feedback Events 1 | . . . . . . 1 . . . . . . . . . . . . . . . . . . Corruption 1 | . . . . . . 1 . . . . . . . . . . . . . . . . . . Feedback Blocked . | . . . . . . . . . . . . . . . . . . . . . . . . . Robot Schematics Acquired . | . . . . . . . . . . . . . . . . . . . . . . . . . Robots Built . | . . . . . . . . . . . . . . . . . . . . . . . . . Authchips . | . . . . . . . . . . . . . . . . . . . . . . . . . Time . | . . . . . . . . . . . . . . . . . . . . . . . . . Total Robot Build Rating . | . . . . . . . . . . . . . . . . . . . . . . . . . Part Schematics Acquired 29 | . . . 1 . 4 . . . . . . . . . . 11 . . . 10 . . 3 . Parts Built . | . . . . . . . . . . . . . . . . . . . . . . . . . Authchips . | . . . . . . . . . . . . . . . . . . . . . . . . . Time . | . . . . . . . . . . . . . . . . . . . . . . . . . Total Part Build Rating . | . . . . . . . . . . . . . . . . . . . . . . . . . Parts Repaired 10 | . 1 . 3 . 2 1 . . . . 2 . 1 . . . . . . . . . . . Time 398 | . 13 . 96 . 114 17 . . . . 88 . 70 . . . . . . . . . . . Parts Recycled . | . . . . . . . . . . . . . . . . . . . . . . . . . Recycled Matter . | . . . . . . . . . . . . . . . . . . . . . . . . . Retrieved Matter . | . . . . . . . . . . . . . . . . . . . . . . . . . Retrieved Components . | . . . . . . . . . . . . . . . . . . . . . . . . . Parts Scanalyzed 4 | . . . . . 4 . . . . . . . . . . . . . . . . . . . Part Schematics Acquired 4 | . . . . . 4 . . . . . . . . . . . . . . . . . . . Parts Damaged 1 | . . . . . 1 . . . . . . . . . . . . . . . . . . . Bothacking | -11 -10 -10 -9 -9 -8 -7 -7 -7 -7 -6 -6 -6 -6 -6 -6 -5 -5 -5 -4 -4 -4 -4 -4 -3 ------------ Run | Scr Mat Min Mat Min Mat Fac Low Low Zio Pro Fac Was Fac Ext Cet Fac Upp War Pro Fac Upp Upp Zhi Pro Used RIF Installer . | . . . . . . . . . . . . . . . . . . . . . . . . . Robots Hacked 5 | . . . . . . 1 . . . . 1 . . 2 . 1 . . . . . . . . Non-combat 3 | . . . . . . 1 . . . . 1 . . . . 1 . . . . . . . . Combat 2 | . . . . . . . . . . . . . . 2 . . . . . . . . . . Robot Hacks Applied 5 | . . . . . . 1 . . . . 1 . . 2 . 1 . . . . . . . . parse_system 2 | . . . . . . . . . . . . . . 2 . . . . . . . . . . find_chute 3 | . . . . . . 1 . . . . 1 . . . . 1 . . . . . . . . Relay Couplers Released . | . . . . . . . . . . . . . . . . . . . . . . . . . Fabnet Peak Effective % . | . . . . . . . . . . . . . . . . . . . . . . . . . Robots Rewired 28 | . . . . . . . . 4 . . . . . 24 . . . . . . . . . . Allies Hacked . | . . . . . . . . . . . . . . . . . . . . . . . . . Hacks Repelled 1 | . . . . . . . . . . . . . 1 . . . . . . . . . . . Allies | -11 -10 -10 -9 -9 -8 -7 -7 -7 -7 -6 -6 -6 -6 -6 -6 -5 -5 -5 -4 -4 -4 -4 -4 -3 -------- Run | Scr Mat Min Mat Min Mat Fac Low Low Zio Pro Fac Was Fac Ext Cet Fac Upp War Pro Fac Upp Upp Zhi Pro Total Allies 66 | . . . . . . . . 4 4 . 1 19 . 32 . 2 . . . 4 . . . . Largest Group 28 | . . . . . . . . 4 8 8 1 19 17 28 11 2 2 . . 4 3 1 . . Highest-Rated Group 937 | . . . . . . . . 100 255 255 140 684 582 937 414 170 170 . . 412 291 97 . . Highest-Rated Ally 159 | . . . . . . . . 25 41 41 140 50 46 159 159 85 85 . . 103 103 97 . . Zionite Dispatches 5 | . . . . . . . . . . . 1 . . 1 . 1 . . . 2 . . . . Heavy 3 | . . . . . . . . . . . . . . . . 1 . . . 2 . . . . Hero 1 | . . . . . . . . . . . 1 . . . . . . . . . . . . . Offense Resupply 1 | . . . . . . . . . . . . . . 1 . . . . . . . . . . Total Orders 4 | . . . . . . . . . . . . . . 4 . . . . . . . . . . STAY 3 | . . . . . . . . . . . . . . 3 . . . . . . . . . . DROP 1 | . . . . . . . . . . . . . . 1 . . . . . . . . . . Ally Attacks 443 | . . . . . . . . . . 44 13 . 90 212 23 . 17 . . 36 7 1 . . Total Damage 12789 | . . . . . . . . . . 880 540 . 1609 4782 654 . 1115 . . 2650 441 118 . . Kills 83 | . . . . . . . . . . 10 5 . 13 29 3 . 5 . . 16 2 . . . Allies Corrupted 1 | . . . . . . . . . . . 1 . . . . . . . . . . . . . Allies Melted 1 | . . . . . . . . . . 1 . . . . . . . . . . . . . . Intel | -11 -10 -10 -9 -9 -8 -7 -7 -7 -7 -6 -6 -6 -6 -6 -6 -5 -5 -5 -4 -4 -4 -4 -4 -3 ------- Run | Scr Mat Min Mat Min Mat Fac Low Low Zio Pro Fac Was Fac Ext Cet Fac Upp War Pro Fac Upp Upp Zhi Pro Robot Analysis Total 7 | . 1 . 2 . . . . . . . . . . . . . . . . . . . 4 . Derelict Logs Recovered 11 | . . 2 . 2 . . . 1 1 1 . . . . . . . . 1 . 2 1 . . Drone Launches . | . . . . . . . . . . . . . . . . . . . . . . . . . Drone Recoveries . | . . . . . . . . . . . . . . . . . . . . . . . . . Zionite Intel Received 5 | . . . . . . . . . . . . . . . . 2 . . . 3 . . . . Main Access 1 | . . . . . . . . . . . . . . . . . . . . 1 . . . . Branch Access 1 | . . . . . . . . . . . . . . . . . . . . 1 . . . . Prototype Schematics 2 | . . . . . . . . . . . . . . . . 1 . . . 1 . . . . Active Terminals 1 | . . . . . . . . . . . . . . . . 1 . . . . . . . . Exploration | -11 -10 -10 -9 -9 -8 -7 -7 -7 -7 -6 -6 -6 -6 -6 -6 -5 -5 -5 -4 -4 -4 -4 -4 -3 ------------- Run | Scr Mat Min Mat Min Mat Fac Low Low Zio Pro Fac Was Fac Ext Cet Fac Upp War Pro Fac Upp Upp Zhi Pro Turns Passed 36638 | 135 1914 999 2477 1321 5036 3157 1776 1652 2149 1271 1671 1522 1526 2281 466 1297 568 758 858 1141 455 694 516 998 Spaces Moved 17605 | 62 989 562 1263 718 1787 1133 688 692 1254 720 863 782 873 1182 165 722 315 453 407 569 277 345 274 510 Core 8 | 8 . . . . . . . . . . . . . . . . . . . . . . . . Treads 17597 | 54 989 562 1263 718 1787 1133 688 692 1254 720 863 782 873 1182 165 722 315 453 407 569 277 345 274 510 Legs . | . . . . . . . . . . . . . . . . . . . . . . . . . Wheels . | . . . . . . . . . . . . . . . . . . . . . . . . . Hover . | . . . . . . . . . . . . . . . . . . . . . . . . . Flight . | . . . . . . . . . . . . . . . . . . . . . . . . . Fastest Speed 50 | 50 160 160 160 160 160 243 245 165 165 168 168 160 160 160 160 160 160 160 160 160 160 160 160 160 Average Speed 180 | 145 160 160 160 160 238 244 245 219 167 168 168 160 160 160 160 160 160 160 160 160 160 160 160 160 Slowest Speed 250 | 160 160 160 240 160 250 245 248 250 170 170 168 168 160 160 160 160 160 160 160 160 160 160 160 160 Overloaded Moves . | . . . . . . . . . . . . . . . . . . . . . . . . . Propulsion Burnouts . | . . . . . . . . . . . . . . . . . . . . . . . . . Robots Hopped . | . . . . . . . . . . . . . . . . . . . . . . . . . Cave-ins Triggered 1 | . . . . . . . . . . . . . . . . . . . . . . . . 1 Exploration Rate (%) 57 | 6 97 98 89 98 98 25 59 67 87 71 18 95 11 77 56 17 45 59 56 10 46 52 62 49 Regions Visited 24 Branch Regions 15 Pre-discovered Areas 6 | . . . . . . . . . 2 1 . . . . . . . . . . . . 3 . Known Exits Taken 18 | . . . 1 . 1 1 1 1 1 1 . . 1 1 1 1 1 1 1 1 1 1 1 . Unknown Exits Taken 4 | 1 1 1 . 1 . . . . . . . . . . . . . . . . . . . . Scrap Searched 23 | . . 2 . 1 . . 4 3 4 2 . . . . . . 1 . . . 2 . . 4 Spaces Dug 71 | . 11 . . . 1 5 . 1 . 8 1 . 5 . . 7 . . 3 13 . 4 . 12 Terrain Destroyed 236 | . 11 . . 5 37 7 . 3 . 44 1 . 5 26 12 7 . . 17 23 1 10 . 27 Melee 8 | . . . . . 1 5 . 1 . . 1 . . . . . . . . . . . . . Projectile 100 | . 2 . . . . 2 . 1 . . . . 5 . 12 . . . 17 23 1 10 . 27 AOE 126 | . 9 . . 5 36 . . . . 43 . . . 26 . 7 . . . . . . . . Terrain Rammed . | . . . . . . . . . . . . . . . . . . . . . . . . . Walls Destroyed . | . . . . . . . . . . . . . . . . . . . . . . . . . Machines Disabled . | . . . . . . . . . . . . . . . . . . . . . . . . . Actions | -11 -10 -10 -9 -9 -8 -7 -7 -7 -7 -6 -6 -6 -6 -6 -6 -5 -5 -5 -4 -4 -4 -4 -4 -3 --------- Run | Scr Mat Min Mat Min Mat Fac Low Low Zio Pro Fac Was Fac Ext Cet Fac Upp War Pro Fac Upp Upp Zhi Pro Total 20942 | 83 1175 612 1561 802 2340 1429 772 777 1309 759 1055 911 997 1412 287 842 354 474 543 752 283 474 311 628 Wait 1584 | . 38 21 136 18 317 184 49 9 4 1 138 34 100 24 35 86 9 5 88 117 1 107 . 63 Move 17581 | 61 988 561 1262 717 1786 1132 687 691 1253 719 863 781 872 1181 164 721 314 452 406 568 276 344 273 509 Hop . | . . . . . . . . . . . . . . . . . . . . . . . . . Pick Up 166 | 4 12 . 22 5 29 9 1 2 25 5 9 3 3 4 10 3 1 1 1 8 2 3 3 1 Fast Attach 88 | 7 5 2 4 1 3 2 6 4 5 3 3 6 2 4 11 3 6 1 1 4 . . 4 1 Attach 38 | . . . 5 2 7 2 . 1 . . 4 . 2 1 2 2 . 2 3 4 . . 1 . Detach 22 | . 1 . 1 . 2 . . 1 . 1 1 1 2 2 2 1 . 1 2 3 . . 1 . Swap 269 | . 18 . 16 8 34 40 12 11 10 7 13 6 5 13 7 13 6 2 7 13 2 8 4 14 Drop 231 | . 19 1 20 4 39 14 12 8 12 10 9 14 4 8 21 3 7 4 3 8 . 4 5 2 Fire 812 | 11 85 24 90 44 108 32 5 21 . 13 7 66 5 116 35 8 10 6 32 27 2 8 20 37 Melee 17 | . . . . . 1 6 . 2 . . 8 . . . . . . . . . . . . . Ram . | . . . . . . . . . . . . . . . . . . . . . . . . . Kick . | . . . . . . . . . . . . . . . . . . . . . . . . . Crush 63 | . 9 3 5 3 14 8 . . . . . . 2 16 . 2 1 . . . . . . . Escape Stasis 1 | . . . . . . . . . . . . . . . . . . . . . . . . 1 Rewire 70 | . . . . . . . . 27 . . . . . 43 . . . . . . . . . . Trap . | . . . . . . . . . . . . . . . . . . . . . . . . . Miscellaneous . | . . . . . . . . . . . . . . . . . . . . . . . . . Route ------- -11/Scrapyard -10/Materials (discovered 4 exits: *Mat x3 / [*Min]) -10/Mines (discovered 3 exits: *Mat x2 / [*Exi]) -9/Materials (discovered 5 exits: *Mat x3 / *Min x2) -9/Mines (discovered 2 exits: *Mat x2) -8/Materials (discovered 3 exits: *Fac x3) -7/Factory (discovered 5 exits: *Fac / Sto x2 / *Low x2) -7/Lower Caves -7/Lower Caves -7/Zion -6/Proximity Caves -6/Factory -6/Waste -6/Factory -6/Extension (discovered 3 exits: *Fac x2 / *Cet) -6/Cetus (discovered 2 exits: *Fac / [*Arc]) -5/Factory -5/Upper Caves -5/Warlord -4/Proximity Caves -4/Factory (discovered 7 exits: Res x4 / *Upp x2 / Arm) -4/Upper Caves -4/Upper Caves -4/Zhirov -3/Proximity Caves History --------- Turn | Location | Event 3 | -11/Scrapyard | Discovered new exit (range 16) 136 | -11/Scrapyard | Entered Materials 318 | -10/Materials | Build established: Mutant 465 | -10/Materials | Discovered new exit (range 16) 624 | -10/Materials | Discovered new exit (range 8) 765 | -10/Materials | Discovered new exit (range 16) 1056 | -10/Materials | Central database locked down 1742 | -10/Materials | Discovered new exit (range 9) 1970 | -10/Materials | Repaired Huge Storage Unit 2050 | -10/Materials | Entered Mines 2166 | -10/Mines | Discovered new exit (range 9) 2183 | -10/Mines | Discovered new exit (range 5) 2207 | -10/Mines | Learned Materials emergency access door positions 2586 | -10/Mines | Learned 2 Materials zone layouts 2596 | -10/Mines | Deemed a non-threat by the Exiles lab entrance 2596 | -10/Mines | Discovered new exit (range 5) 3049 | -10/Mines | Entered Materials 3049 | -9/Materials | Evolved 2 slots: Propulsion x1, Weapon x1 3050 | -9/Materials | Identified exit to Mines 3350 | -9/Materials | Build established: Tank 3386 | -9/Materials | Discovered new exit (range 4) 4015 | -9/Materials | Repaired Imp. Treads 4052 | -9/Materials | Repaired Imp. Treads 4817 | -9/Materials | Repaired Imp. Treads 5190 | -9/Materials | Discovered new exit (range 10) 5424 | -9/Materials | Discovered new exit (range 3) 5526 | -9/Materials | Entered Mines 5577 | -9/Mines | Received a Rocket Launcher from a helpful Derelict 5819 | -9/Mines | Discovered new exit (range 12) 5891 | -9/Mines | Found a hidden stash of uninstalled traps 5943 | -9/Mines | Learned Materials garrison access intel 5949 | -9/Mines | Learned Materials terminal intel 6016 | -9/Mines | YI-UF0 nonchalantly dropped a Grenade Launcher on the ground 6126 | -9/Mines | Destroyed YI-UF0 6136 | -9/Mines | Found Prototype Launcher 6140 | -9/Mines | Found Prototype Storage 6146 | -9/Mines | Identified YI-UF0's Doublenader 6151 | -9/Mines | Identified YI-UF0's Bottomless Matter Pit 6304 | -9/Mines | Discovered new exit (range 10) 6847 | -9/Mines | Entered Materials 6847 | -8/Materials | Evolved 2 slots: Propulsion x1, Utility x1 6848 | -8/Materials | Loaded intel: 12 terminal locations 6849 | -8/Materials | Loaded intel: 1 garrison access location 7005 | -8/Materials | Destroyed 7 combat bots 7411 | -8/Materials | Build established: Scavenger-Tank 7654 | -8/Materials | Discovered new exit (range 10) 8322 | -8/Materials | Discovered new exit (range 16) 8564 | -8/Materials | Identified exit to Factory 9666 | -8/Materials | Build established: Scavenger-Gunner 9956 | -8/Materials | Discovered exit to Factory (range 15) 10054 | -8/Materials | Build established: Scavenger-Tank 10081 | -8/Materials | Repaired Arm. Treads 10847 | -8/Materials | First assault squad dispatched 11684 | -8/Materials | Repaired Broken Enh. Autogun 11883 | -8/Materials | Entered Factory 11883 | -7/Factory | Evolved 2 slots: Propulsion x1, Weapon x1 12213 | -7/Factory | Build established: Scavenger-Skirmisher 12255 | -7/Factory | Garrison activated, responded to threat 12504 | -7/Factory | Identified exit to Storage 12504 | -7/Factory | Identified exit to Lower Caves 14604 | -7/Factory | Repaired Broken Arm. Treads 14776 | -7/Factory | Garrison activated, responded to threat 14925 | -7/Factory | Discovered new exit (range 6) 14935 | -7/Factory | Identified exit to Factory 15040 | -7/Factory | Entered Lower Caves 15247 | -7/Lower Caves | Attracted the attention of an 0b10 checkpoint 15581 | -7/Lower Caves | Build established: Skirmisher 15965 | -7/Lower Caves | Encountered a Warlord checkpoint 16539 | -7/Lower Caves | Discovered new exit (range 9) 16558 | -7/Lower Caves | Identified exit to Lower Caves 16816 | -7/Lower Caves | Entered another Lower Caves area 16894 | -7/Lower Caves | Build established: Scavenger-Skirmisher 16995 | -7/Lower Caves | Attacked by a delusional Derelict stockpiling parts 17115 | -7/Lower Caves | Encountered a Warlord checkpoint 17293 | -7/Lower Caves | Spotted B-75 Beast 17564 | -7/Lower Caves | Learned Factory terminal intel 18041 | -7/Lower Caves | Discovered new exit (range 6) 18051 | -7/Lower Caves | Identified exit to Zion 18082 | -7/Lower Caves | Found Alien Artifact 18082 | -7/Lower Caves | Identified Core Expander 18082 | -7/Lower Caves | Installed Core Expander, added new Propulsion slot 18374 | -7/Lower Caves | Build established: Scavenger-Mutant 18468 | -7/Lower Caves | Entered Zion 18468 | -7/Zion | Accompanied by 4 allies 18544 | -7/Zion | System corruption cleaned by Quarantine Array 18659 | -7/Zion | Given the Hacking Drone Bay 18719 | -7/Zion | Visited the Megawrench Repair Shop 18908 | -7/Zion | Build established: Scavenger-Skirmisher 18908 | -7/Zion | Learned location of Recycling (-7) 19257 | -7/Zion | Learned Factory terminal intel 19600 | -7/Zion | Megawrench repaired 13 parts 19747 | -7/Zion | Build established: Scavenger-Tank 20241 | -7/Zion | Imprinted 20243 | -7/Zion | Declared Zion's savior 20251 | -7/Zion | Build established: Scavenger-Skirmisher 20556 | -7/Zion | Acquired unknown access codes intercepted by a Zionite 20579 | -7/Zion | Discovered new exit (range 16) 20603 | -7/Zion | Identified exit to Proximity Caves 20617 | -7/Zion | Entered Proximity Caves 20617 | -6/Proximity Caves | Accompanied by 8 allies 20923 | -6/Proximity Caves | Spotted B-75 Beast 20946 | -6/Proximity Caves | Allies destroyed B-75 Beast 21876 | -6/Proximity Caves | Discovered exit to Factory (range 7) 21888 | -6/Proximity Caves | Entered Factory 21888 | -6/Factory | Evolved 2 slots: Utility x2 21889 | -6/Factory | Loaded intel: 27 terminal locations 22131 | -6/Factory | Repaired Lyr. Medium Armor Plating 22170 | -6/Factory | Repaired Arm. Treads 22297 | -6/Factory | Zion hero teleported in (1C-UTU) 22588 | -6/Factory | Build established: Scavenger-Mutant 22962 | -6/Factory | Found Prototype Launcher 22963 | -6/Factory | Identified Scatter Rocket Array 23317 | -6/Factory | Terminal network hard line cut 23331 | -6/Factory | Discovered new exit (range 5) 23336 | -6/Factory | Identified exit to Lower Caves 23559 | -6/Factory | Sucked down chute 23559 | -6/Factory | Entered Waste 23677 | -6/Waste | Destroyed C-40 Crusher 23693 | -6/Waste | Destroyed C-40 Crusher 23785 | -6/Waste | Destroyed C-40 Crusher 23808 | -6/Waste | Destroyed C-40 Crusher 23843 | -6/Waste | Build established: Scavenger-Skirmisher 24011 | -6/Waste | Destroyed C-40 Crusher 24047 | -6/Waste | Destroyed C-40 Crusher 24249 | -6/Waste | Discovered new exit (range 16) 24459 | -6/Waste | Warlord forces began an assault 24778 | -6/Waste | Build established: Scavenger-Mutant 25072 | -6/Waste | Identified exit to Factory 25081 | -6/Waste | Entered Factory 25081 | -6/Factory | Accompanied by 17 allies 25082 | -6/Factory | Loaded intel: 28 terminal locations 25344 | -6/Factory | Build established: Scavenger-Skirmisher 25677 | -6/Factory | Build established: Scavenger-Mutant 25727 | -6/Factory | Repaired Broken Imp. Proton Missile Launcher 25801 | -6/Factory | Discovered new exit (range 6) 25806 | -6/Factory | Identified exit to Extension 26032 | -6/Factory | Cargo convoy interrupted 26288 | -6/Factory | Terminal network hard line cut 26594 | -6/Factory | Build established: Scavenger-Skirmisher 26607 | -6/Factory | Entered Extension 26607 | -6/Extension | Accompanied by 14 allies 26658 | -6/Extension | Rescued a captive Derelict 26664 | -6/Extension | Rescued a captive Derelict 26677 | -6/Extension | Rescued a captive Derelict 26828 | -6/Extension | Zion Offense Resupply teleported in 26916 | -6/Extension | Rescued a captive Derelict 26917 | -6/Extension | Rescued a captive Derelict 27372 | -6/Extension | Spotted B-75 Beast 27459 | -6/Extension | Spotted B-75 Beast 27460 | -6/Extension | Allies destroyed B-75 Beast 27961 | -6/Extension | Build established: Commander-Mutant 28135 | -6/Extension | Terminal network hard line cut 28257 | -6/Extension | Disrupted transfer network 28477 | -6/Extension | Energy Cycler disabled 28478 | -6/Extension | Rescued a captive Derelict 28478 | -6/Extension | Rescued a captive Derelict 28481 | -6/Extension | Rescued a captive Derelict 28483 | -6/Extension | Rescued a captive Derelict 28557 | -6/Extension | Discovered new exit (range 16) 28574 | -6/Extension | Rescued A7 28629 | -6/Extension | Build established: Commander-Skirmisher 28854 | -6/Extension | Discovered new exit (range 10) 28856 | -6/Extension | Discovered new exit (range 6) 28864 | -6/Extension | Identified exit to Cetus 28888 | -6/Extension | Entered Cetus 28888 | -6/Cetus | Accompanied by 11 allies (A7) 28893 | -6/Cetus | Acquired a Cetus Manufacturing Module code from A7 28913 | -6/Cetus | Spotted Cetus Guard 28913 | -6/Cetus | Spotted Cetus Guard 28916 | -6/Cetus | Spotted Cetus Guard 28916 | -6/Cetus | Spotted Cetus Guard 28934 | -6/Cetus | Allies destroyed Cetus Guard 28943 | -6/Cetus | Destroyed Cetus Guard 28944 | -6/Cetus | Allies destroyed Cetus Guard 28946 | -6/Cetus | Destroyed Cetus Guard 29033 | -6/Cetus | Cetus Manufacturing Module disabled 29106 | -6/Cetus | Extracted ID and sensor layout for unrecognized location from A7's data core 29134 | -6/Cetus | System corruption reached 10% 29192 | -6/Cetus | Discovered new exit (range 16) 29220 | -6/Cetus | Spotted Cetus Guard 29220 | -6/Cetus | Spotted Cetus Guard 29224 | -6/Cetus | Destroyed Cetus Guard 29225 | -6/Cetus | Spotted Cetus Guard 29228 | -6/Cetus | Destroyed Cetus Guard 29238 | -6/Cetus | Destroyed Cetus Guard 29239 | -6/Cetus | Spotted Cetus Guard 29265 | -6/Cetus | Destroyed Cetus Guard 29298 | -6/Cetus | Discovered new exit (range 15) 29309 | -6/Cetus | Scared off Revision 17 29353 | -6/Cetus | Identified exit to Factory 29354 | -6/Cetus | Entered Factory 29354 | -5/Factory | Evolved 2 slots: Utility x2 29621 | -5/Factory | Build established: Scavenger-Skirmisher 29702 | -5/Factory | Retrieved Zion intel report: Prototype Schematics 30247 | -5/Factory | Discovered new exit (range 15) 30346 | -5/Factory | Retrieved Zion intel report: Active Terminals 30380 | -5/Factory | Identified exit to Upper Caves 30469 | -5/Factory | Zion Heavy squad teleported in 30651 | -5/Factory | Entered Upper Caves 30651 | -5/Upper Caves | Accompanied by 2 allies 31163 | -5/Upper Caves | Found Prototype Protection 31163 | -5/Upper Caves | Identified Zio. Weapon Casing 31204 | -5/Upper Caves | A Derelict revealed a hidden shortcut to "reach the base" 31211 | -5/Upper Caves | Identified exit to Warlord 31219 | -5/Upper Caves | Entered Warlord 31460 | -5/Warlord | Visited the Vortex Lab 31473 | -5/Warlord | Warlord's base attacked by MAIN.C 31477 | -5/Warlord | Found Prototype Launcher 31477 | -5/Warlord | Identified Vortex Catalyst Activator 31581 | -5/Warlord | Rebuked by Warlord 31823 | -5/Warlord | Warlord forces counterattacked 31861 | -5/Warlord | Spotted Executioner 31893 | -5/Warlord | Spotted Executioner 31897 | -5/Warlord | Spotted Executioner 31961 | -5/Warlord | Discovered new exit (range 12) 31975 | -5/Warlord | Identified exit to Proximity Caves 31977 | -5/Warlord | Entered Proximity Caves 31979 | -4/Proximity Caves | Attracted the attention of an 0b10 checkpoint 32003 | -4/Proximity Caves | Learned location of 1 exit from Research 32242 | -4/Proximity Caves | Attracted the attention of an 0b10 outpost 32304 | -4/Proximity Caves | Spotted B-86 Titan 32814 | -4/Proximity Caves | Discovered new exit (range 14) 32833 | -4/Proximity Caves | Identified exit to Factory 32835 | -4/Proximity Caves | Entered Factory 32835 | -4/Factory | Evolved 2 slots: Power x1, Utility x1 32944 | -4/Factory | Build established: Scavenger-Mutant 32984 | -4/Factory | Retrieved Zion intel report: Branch Access 32984 | -4/Factory | Identified exit to Upper Caves 32984 | -4/Factory | Identified exit to Armory 33222 | -4/Factory | Retrieved Zion intel report: Prototype Schematics 33583 | -4/Factory | Retrieved Zion intel report: Main Access 33583 | -4/Factory | Identified exit to Research 33584 | -4/Factory | Zion Heavy squad teleported in 33614 | -4/Factory | Zion Heavy squad teleported in 33976 | -4/Factory | Entered Upper Caves 33976 | -4/Upper Caves | Accompanied by 3 allies 34024 | -4/Upper Caves | Learned Research garrison access intel 34041 | -4/Upper Caves | Found Zio. Weapon Casing 34118 | -4/Upper Caves | Learned Research interactive machine intel 34282 | -4/Upper Caves | Build established: Scavenger-Skirmisher 34396 | -4/Upper Caves | Encountered a Warlord checkpoint 34404 | -4/Upper Caves | Discovered new exit (range 15) 34425 | -4/Upper Caves | Identified exit to Upper Caves 34431 | -4/Upper Caves | Entered another Upper Caves area 34431 | -4/Upper Caves | Accompanied by 1 ally 34709 | -4/Upper Caves | Found Zio. Weapon Casing 35065 | -4/Upper Caves | Learned Research stockpile data 35101 | -4/Upper Caves | Discovered new exit (range 15) 35124 | -4/Upper Caves | Identified exit to Zhirov 35125 | -4/Upper Caves | Entered Zhirov 35125 | -4/Zhirov | Discovered new exit (range 3) 35139 | -4/Zhirov | Build established: Scavenger-Mutant 35154 | -4/Zhirov | Met Zhirov 35183 | -4/Zhirov | Learned location of Quarantine (-3) 35183 | -4/Zhirov | Learned location of Testing (-2) 35183 | -4/Zhirov | Learned location of Command (-1) 35215 | -4/Zhirov | Zhirov requested help retrieving the SGEMP Prototype 35249 | -4/Zhirov | Found Alien Artifact 35249 | -4/Zhirov | Identified Integrated Dissipator 35249 | -4/Zhirov | Installed Integrated Dissipator, increased core heat dissipation (+20) 35471 | -4/Zhirov | Found Alien Artifact 35640 | -4/Zhirov | Identified exit to Proximity Caves 35641 | -4/Zhirov | Entered Proximity Caves 35964 | -3/Proximity Caves | Build established: Scavenger-Skirmisher 36504 | -3/Proximity Caves | Spotted B-86 Titan 36549 | -3/Proximity Caves | Crushed by falling debris 36581 | -3/Proximity Caves | Build established: Scavenger-Mutant 36639 | -3/Proximity Caves | Self-destructed Last Messages --------------- 36369_ Found Mak. Spear. 36369_ Found Beamcaster. 36369_ Found Lrn. Proton Cannon. 36369_ Found 15 Matter. 36370_ Acquired 15 matter. 36549_ The unstable cave ceiling collapses. 36549_ Crushed by falling debris. 36549_ Adv. Signal Interpreter destroyed. 36549_ System corrupted by crushing effect (+3). 36579_ System corrupted: Matter fused (-8). 36590_ Slug penetrates Wall. 36590_ Penetrated by Slug. 36601_ Slug penetrates Wall. 36605_ Penetrated by Slug. 36608_ Slug penetrates Earth. 36608_ Penetrated by Slug. 36612_ % AHH3>XHZ5 9|:1WGCG/YSHMRKR0UOV 36636_ Slug penetrates Wall. 36636_ Penetrated by Slug. 36637_ System corrupted: Matter fused (-8). Map ----- +----------------------------------------------------+ | ???????????????? ##??######?# ###### | | ?????????????? ??# ? ? ### ?###### ####?# | | ??????#?? ?????? ? ? ? #?## #####?## ###### | | ??????##?#?????### ? ##? ########?### ##### | | ????#?##?#? #### #### ######### ? ### | | ???#?#?#????? ? ######## ######### ## ? ### | | ???#?????#?#? ? ########## ######### ### #### | | ?? ?## ### ?######### #####?### #### #### | | ?? ## ##### ########## ######### #### #### | | ? ##### ?######### ######### ######?#### | | ? ######## ##?###### ########## | | ? ##?#### ######## ######## | | ############ ######## ####### | | ########## ### ###### | | ######## ## | | ### ## " # | | ;# ## ## ############### | | #;; #### ###################### | | ## s ###### ###################### | | ss;;#### ###################### | | ;;;#; ##################?#### | | =! ######################## | | ## %% ######################## | | ### = *####################### | | ## ######### = ;##################?## | | ## ## #############@ ##################### | | #### ###########; ##################### | | ##### ####### ###################?# | | # #### ##### #################?### | | ### ## #### ##################### | | #### # ##" ## ##################??# | | #### ### #" ### ##############?#?##?? | | ##### ##### ;;####"" ################?##?? | | ##### ##### ####### ####################?# | | ############ B ######" ##################??#?# | | ############ #######"######?#############??????? | | ## ########## "##### ##############?######??#???? | | ######### " ### ##################?###??????? | | ######## " # ###################?#??#?????? | | ####### """"#############?#####??#??##????? | | ## ###### ##########?#######?##???????? | | ### ##### ######?#?#?##???##?#?#??????? | | ## ##### % #####?######??##?##?????????? | | #### #######??##?#???##??????????? | | ## % ####??##?#?#####?#?#????????? | | #?##?####?####??#???????????? | | ## ## ""###?##?????##?###???????????? | | ### ## ########????####????#????????? | | =#### ## % #??##????#?#????#???????????? | | [###### ##???##?#?#?????????????????? | +----------------------------------------------------+ Best States ------------- Heat Dissipation 94 Energy Generation 51 Energy Capacity 415 Matter Stores 1740 Matter Capacity 1800 Sight Range 16 Robot Scan Range 16 Terrain Scan Range 20 Terrain Scan Density 210 Jamming Range 14 Cloak Strength 3 Additional Mass Support 9 Armor Coverage 450 Weapon Shielding 100 Evasion (%) 50 Core Analysis 6 Armor Integrity Analysis 40 Recoil Reduction 6 Salvage Targeting 1 Offensive Hacking 14 Defensive Hacking 11 Authchip Count 2 Item Schematics ----------------- Cargo Storage Unit | -9/Materials | Hacked Adv. Treads | -8/Materials | Scanalyzed Arm. Treads | -8/Materials | Scanalyzed Armor Integrity Analyzer | -8/Materials | Scanalyzed Enh. Autogun | -8/Materials | Scanalyzed Enh. Armored Leg | -5/Factory | Z-intel Imp. Energy Well | -5/Factory | Z-intel Hvy. Gatling Laser | -5/Factory | Z-intel Mni. Assault Cannon | -5/Factory | Z-intel Cld. Gravmag System | -5/Factory | Z-intel Cold Fusion Reactor | -5/Factory | Z-intel Prc. Assault Rifle | -5/Factory | Z-intel Exp. Heat Sink | -5/Factory | Z-intel Ionic Axe | -5/Factory | Z-intel Cld. Plasma Cannon | -5/Factory | Z-intel Shock Maul | -5/Factory | Z-intel Hvy. Wave Gun | -4/Factory | Z-intel Gravity Neutralizer | -4/Factory | Z-intel Neutron Missile Launcher | -4/Factory | Z-intel Proton Burst Cannon | -4/Factory | Z-intel Adv. Energy Well | -4/Factory | Z-intel Imp. Thermal Defense Suite | -4/Factory | Z-intel Exp. Targeting Computer | -4/Factory | Z-intel Enh. Fission Core | -4/Factory | Z-intel Adv. KE Penetrator | -4/Factory | Z-intel Imp. KE Penetrator | -4/Factory | Z-intel Assault Drone Bay | -4/Zhirov | Free Exp. Optical Array | -4/Zhirov | Free Imp. Arc Thrower | -4/Zhirov | Free Robot Schematics ------------------ None Fabricated ------------ Nothing Alien Tech Used ----------------- Core Expander Integrated Dissipator Achievements -------------- None Challenges ------------ None Game ------ Seed BottomlessGuidedPit Manual? 0 Play Time 04:28:27 Cumulative 331.1 hours Start 2022.02.06 @ 02:18:26 End 2022.02.07 @ 05:18:33 Sessions 20 Manual Loads 0 Difficulty Rogue Special Mode None Game No. 132 Rogue 132 Adventurer 0 Explorer 0 Win Type - Total 6 Types 1/2/1/0/0/2/0/0/0 Lore% 59 Gallery% 61 Achievement% 59 Wizard Run 0 Options --------- ASCII 0 Keyboard 1 Movement Vi Keybinds 0 Fullscreen 2 Font 12/Smallcaps Map View 60x54 Tactical HUD 1 Map Filters NONE Filters NONE Steam 1 RUN: 6f55bae9-a6cc-4361-be56-79c941835441